TOP OF THE 1ST |
Richmond Flying Squirrels batting - Pitching for Brevard County Manatees : RHP Dave Mata
|
Pitching: RHP Dave Mata
|
|
Batting: SHB David Barona
|
0-0: Foul Ball, location: 2F 0-1: Ball 1-1: Ball 2-1: Ball 3-1: Swinging Strike 3-2: Foul Ball, location: 2F 3-2: SINGLE (Line Drive, 4M, EV 101.9 MPH)
|
Batting: LHB Gil Caraveo
|
0-0: Called Strike David Barona steals 2nd base (no throw) 0-1: Ball 1-1: Ground out U3 (Groundball, 3, EV 105.0 MPH) David Barona to third
|
Batting: RHB Omar Jordan
|
0-0: Called Strike 0-1: Ball 1-1: Ball 2-1: Called Strike 2-2: Strikes out swinging
|
Batting: RHB Justin Baldwin
|
0-0: Ball 1-0: Ball 2-0: Foul Ball, location: 2F 2-1: Ball 3-1: Ground out 6-3 (Groundball, 6, EV 80.6 MPH)
|
Top of the 1st over - 0 runs, 1 hit, 0 errors, 1 left on base; Richmond 0 - Brevard County 0 |
BOTTOM OF THE 1ST |
Brevard County Manatees batting - Pitching for Richmond Flying Squirrels : RHP John Bittinger
|
Pitching: RHP John Bittinger
|
|
Batting: RHB Hector Silva
|
0-0: Ball 1-0: Swinging Strike 1-1: Ball 2-1: Ground out 4-3 (Groundball, 4, EV 105.0 MPH)
|
Batting: RHB Jose Cerritos
|
0-0: Called Strike 0-1: Ball 1-1: Swinging Strike 1-2: SINGLE (Groundball, 3D, EV 100.0 MPH)
|
Batting: LHB Jason Raker
|
0-0: Fielders Choice at 2nd, 4-6 (Groundball, 4, EV 81.9 MPH)
|
Batting: RHB Cameron Rattenbury
|
0-0: Ball Jason Raker steals 2nd base 1-0: Ball 2-0: DOUBLE (Line Drive, 78XD, EV 104.4 MPH) Jason Raker scores
|
Batting: LHB Tony Hasbun
|
0-0: Ball 1-0: SINGLE (Groundball, 6MD, EV 96.9 MPH) Cameron Rattenbury to third Runner from 3rd tries for Home, SAFE, throw by CF to home
|
Batting: SHB Orlando Torres
|
0-0: SINGLE (Groundball, 34D, EV 110.0 MPH) Tony Hasbun to second Runner from 2nd tries for 3rd, SAFE, throw by RF made to third
|
Batting: RHB Leo Serrano
|
0-0: Ball 1-0: Swinging Strike 1-1: Ball 2-1: Foul Ball, location: 2F 2-2: Ball 3-2: Foul Ball, location: 2F 3-2: Foul Ball, location: 2F 3-2: Strikes out swinging
|
Bottom of the 1st over - 2 runs, 4 hits, 0 errors, 2 left on base; Richmond 0 - Brevard County 2 |
TOP OF THE 2ND |
Richmond Flying Squirrels batting - Pitching for Brevard County Manatees : RHP Dave Mata
|
Batting: LHB Nate Conley
|
0-0: Ball 1-0: Foul Ball, location: 2F 1-1: Swinging Strike 1-2: Ball 2-2: DOUBLE (Flyball, 8LXD, EV 96.2 MPH)
|
Batting: RHB Jonathan Reece
|
0-0: Called Strike 0-1: Ball 1-1: Ground out 5-3 (Groundball, 56, EV 84.4 MPH)
|
Batting: RHB Matt Shepard
|
0-0: Ball 1-0: Ball 2-0: Called Strike 2-1: Swinging Strike 2-2: Ball 3-2: Strikes out looking
|
Batting: RHB Ian Richardson
|
0-0: Ball 1-0: Called Strike 1-1: Foul Ball, location: 2F 1-2: Strikes out swinging
|
Top of the 2nd over - 0 runs, 1 hit, 0 errors, 1 left on base; Richmond 0 - Brevard County 2 |
BOTTOM OF THE 2ND |
Brevard County Manatees batting - Pitching for Richmond Flying Squirrels : RHP John Bittinger
|
Batting: LHB Umar Matoub
|
0-0: Swinging Strike 0-1: Foul Ball, location: 2F 0-2: Ground out 1-3 (Groundball, 13, EV 73.8 MPH)
|
Batting: RHB Xiao-shuang Au
|
0-0: Ball 1-0: Ball 2-0: Called Strike 2-1: Ball 3-1: Called Strike 3-2: Strikes out looking
|
Batting: RHB Hector Silva
|
0-0: SINGLE (Flyball, 56D, EV 81.9 MPH)
|
Batting: RHB Jose Cerritos
|
0-0: SINGLE (Groundball, 56D, EV 106.2 MPH) Hector Silva to second Runner from 2nd tries for 3rd, SAFE, throw by LF made at trailing runner, OUT! 7-4
|
Bottom of the 2nd over - 0 runs, 2 hits, 0 errors, 1 left on base; Richmond 0 - Brevard County 2 |
TOP OF THE 3RD |
Richmond Flying Squirrels batting - Pitching for Brevard County Manatees : RHP Dave Mata
|
Batting: LHB James Wheaton
|
0-0: Ball 1-0: Ground out 5-3 (Groundball, 56S, EV 67.5 MPH)
|
Batting: SHB David Barona
|
0-0: Ball 1-0: Ball 2-0: Swinging Strike 2-1: Swinging Strike 2-2: Ground out 4-3 (Groundball, 4, EV 103.8 MPH)
|
Batting: LHB Gil Caraveo
|
0-0: Called Strike 0-1: Called Strike 0-2: Ball 1-2: Foul Ball, location: 2F 1-2: SINGLE (Groundball, 4MD, EV 106.9 MPH)
|
Batting: RHB Omar Jordan
|
0-0: Ball Gil Caraveo is caught stealing 2nd base 2-4
|
Top of the 3rd over - 0 runs, 1 hit, 0 errors, 0 left on base; Richmond 0 - Brevard County 2 |
BOTTOM OF THE 3RD |
Brevard County Manatees batting - Pitching for Richmond Flying Squirrels : RHP John Bittinger
|
Batting: LHB Jason Raker
|
0-0: Called Strike 0-1: Called Strike 0-2: Ball 1-2: Ball 2-2: Foul Ball, location: 2F 2-2: Strikes out swinging
|
Batting: RHB Cameron Rattenbury
|
0-0: Ball 1-0: Ball 2-0: Ball 3-0: Called Strike 3-1: Foul Ball, location: 2F 3-2: Strikes out looking
|
Batting: LHB Tony Hasbun
|
0-0: Ball 1-0: Swinging Strike 1-1: Swinging Strike 1-2: Ground out 4-3 (Groundball, 4D, EV 100.6 MPH)
|
Bottom of the 3rd over - 0 runs, 0 hits, 0 errors, 0 left on base; Richmond 0 - Brevard County 2 |
TOP OF THE 4TH |
Richmond Flying Squirrels batting - Pitching for Brevard County Manatees : RHP Dave Mata
|
Batting: RHB Omar Jordan
|
0-0: Ball 1-0: Ball 2-0: Called Strike 2-1: Ground out U3 (Groundball, 3, EV 85.6 MPH)
|
Batting: RHB Justin Baldwin
|
0-0: Called Strike 0-1: Foul Ball, location: 2F 0-2: Strikes out swinging
|
Batting: LHB Nate Conley
|
0-0: Ball 1-0: Called Strike 1-1: Foul Ball, location: 2F 1-2: Ball 2-2: Foul Ball, location: 2F 2-2: SINGLE (Line Drive, 8RS, EV 91.2 MPH)
|
Batting: RHB Jonathan Reece
|
0-0: Ball 1-0: Swinging Strike 1-1: Ball 2-1: Foul Ball, location: 2F 2-2: Ball 3-2: Strikes out swinging
|
Top of the 4th over - 0 runs, 1 hit, 0 errors, 1 left on base; Richmond 0 - Brevard County 2 |
BOTTOM OF THE 4TH |
Brevard County Manatees batting - Pitching for Richmond Flying Squirrels : RHP John Bittinger
|
Batting: SHB Orlando Torres
|
0-0: Ball 1-0: Called Strike 1-1: Ground out U3 (Groundball, 3, EV 90.0 MPH)
|
Batting: RHB Leo Serrano
|
0-0: Ball 1-0: Foul Ball, location: 2F 1-1: Ball 2-1: SINGLE (Groundball, 34S, EV 66.9 MPH) (infield hit)
|
Batting: LHB Umar Matoub
|
0-0: Ball 1-0: Ball Leo Serrano is caught stealing 2nd base 2-6 2-0: Foul Ball, location: 2F 2-1: Foul Ball, location: 2F 2-2: SINGLE (Line Drive, 4MD, EV 95.0 MPH)
|
Batting: RHB Xiao-shuang Au
|
0-0: Swinging Strike 0-1: Foul Ball, location: 2F 0-2: Ball 1-2: Strikes out swinging
|
Bottom of the 4th over - 0 runs, 2 hits, 0 errors, 1 left on base; Richmond 0 - Brevard County 2 |
TOP OF THE 5TH |
Richmond Flying Squirrels batting - Pitching for Brevard County Manatees : RHP Dave Mata
|
Batting: RHB Matt Shepard
|
0-0: Foul Ball, location: 2F 0-1: Ground out U3 (Groundball, 3, EV 82.5 MPH)
|
Batting: RHB Ian Richardson
|
0-0: SOLO HOME RUN (Flyball, 7D, EV 98.1 MPH), Distance : 384 ft
|
Batting: LHB James Wheaton
|
0-0: Foul Ball, location: 2F 0-1: Ball 1-1: Swinging Strike 1-2: Ball 2-2: Foul Ball, location: 2F 2-2: Ball 3-2: Fly out, F7 (Flyball, 78S, EV 94.4 MPH)
|
Batting: SHB David Barona
|
0-0: Ball 1-0: Ground out 2-3 (Groundball, 15S, EV 60.6 MPH)
|
Top of the 5th over - 1 run, 1 hit, 0 errors, 0 left on base; Richmond 1 - Brevard County 2 |
BOTTOM OF THE 5TH |
Brevard County Manatees batting - Pitching for Richmond Flying Squirrels : RHP John Bittinger
|
Batting: RHB Hector Silva
|
0-0: Called Strike 0-1: Swinging Strike 0-2: Ball 1-2: Foul Ball, location: 2F 1-2: DOUBLE (Line Drive, 7LS, EV 105.0 MPH)
|
Batting: RHB Jose Cerritos
|
0-0: Ball 1-0: SINGLE (Groundball, 6S, EV 70.6 MPH) (infield hit) Hector Silva to third
|
Batting: LHB Jason Raker
|
0-0: Ball 1-0: Ball 2-0: Foul Ball, location: 2F 2-1: Foul Ball, location: 2F 2-2: Fly out, F8 (Flyball, 8RD, EV 102.5 MPH) Runner from 3rd tags up, SCORES, no throw by CF
|
Batting: RHB Cameron Rattenbury
|
0-0: Swinging Strike 0-1: Called Strike 0-2: Ball 1-2: Foul Ball, location: 2F 1-2: Ball 2-2: Strikes out looking
|
Batting: LHB Tony Hasbun
|
0-0: Called Strike 0-1: Fly out, F7 (Flyball, 78S, EV 91.9 MPH)
|
Bottom of the 5th over - 1 run, 2 hits, 0 errors, 1 left on base; Richmond 1 - Brevard County 3 |
TOP OF THE 6TH |
Richmond Flying Squirrels batting - Pitching for Brevard County Manatees : RHP Dave Mata
|
Batting: LHB Gil Caraveo
|
0-0: Fly out, F9 (Line Drive, 89M, EV 83.8 MPH)
|
Batting: RHB Omar Jordan
|
0-0: Ball 1-0: Ball 2-0: Foul Ball, location: 2F 2-1: Ball 3-1: Foul Ball, location: 2F 3-2: Base on Balls
|
Pitching: RHP Corey Pierce
|
|
Batting: RHB Justin Baldwin
|
0-0: Called Strike 0-1: Ball 1-1: DOUBLE (Groundball, 5L, EV 98.1 MPH) Omar Jordan to third
|
Pitching: LHP Juan Gonzalez
|
|
Batting: LHB Nate Conley
|
0-0: Fly out, F6 (Popup, 4MD, EV 51.9 MPH)
|
Batting: RHB Jonathan Reece
|
0-0: Called Strike 0-1: Ball 1-1: Ground out 5-3 (Groundball, 56S, EV 84.4 MPH)
|
Top of the 6th over - 0 runs, 1 hit, 0 errors, 2 left on base; Richmond 1 - Brevard County 3 |
BOTTOM OF THE 6TH |
Brevard County Manatees batting - Pitching for Richmond Flying Squirrels : RHP John Bittinger
|
Pitching: RHP Sam Drews
|
|
Batting: SHB Orlando Torres
|
0-0: Foul Ball, location: 2F 0-1: Ball 1-1: Ball 2-1: Ball 3-1: Foul Ball, location: 2F 3-2: Base on Balls
|
Batting: RHB Leo Serrano
|
0-0: Foul Ball, location: 2F 0-1: Ball 1-1: Foul Ball, location: 2F 1-2: Ball 2-2: Strikes out swinging
|
Batting: LHB Umar Matoub
|
0-0: DOUBLE (Line Drive, 9LS, EV 90.6 MPH) Orlando Torres to third
|
Pinch Hitting: SHB Craig Wright
|
0-0: Called Strike 0-1: Ball 1-1: Ball 2-1: Ground out 4-3 (Groundball, 4, EV 80.0 MPH)
|
Batting: RHB Hector Silva
|
0-0: Foul Ball, location: 2F 0-1: Fly out, F9 (Flyball, 89XD, EV 103.1 MPH)
|
Bottom of the 6th over - 0 runs, 1 hit, 0 errors, 2 left on base; Richmond 1 - Brevard County 3 |
TOP OF THE 7TH |
Richmond Flying Squirrels batting - Pitching for Brevard County Manatees : LHP Juan Gonzalez
|
Now at 2B: Herb McIntyre
|
|
Now at SS: Craig Wright
|
|
Batting: RHB Matt Shepard
|
0-0: Called Strike 0-1: Ball 1-1: Ball 2-1: Ball 3-1: Base on Balls
|
Batting: RHB Ian Richardson
|
0-0: 2-RUN HOME RUN (Flyball, 7D, EV 95.0 MPH), Distance : 386 ft
|
Pinch Hitting: RHB Bob Schweiger
|
0-0: Ball 1-0: Ball 2-0: Ball 3-0: Called Strike 3-1: Base on Balls
|
Batting: SHB David Barona
|
0-0: Sac Bunt to 13 - play at first, batter OUT! 1-4 Bob Schweiger to second
|
Batting: LHB Gil Caraveo
|
0-0: Ball 1-0: Called Strike 1-1: SINGLE (Line Drive, 78S, EV 88.8 MPH) Bob Schweiger to third
|
Batting: RHB Omar Jordan
|
0-0: Ball 1-0: Ball 2-0: Ball 3-0: Called Strike 3-1: Ground out 5-3 (Groundball, 5, EV 84.4 MPH) Gil Caraveo to second
|
Batting: RHB Justin Baldwin
|
0-0: Intentional Walk
|
Batting: LHB Nate Conley
|
0-0: Ball 1-0: Called Strike 1-1: Called Strike 1-2: Ball 2-2: Ball 3-2: Strikes out swinging
|
Top of the 7th over - 2 runs, 2 hits, 0 errors, 3 left on base; Richmond 3 - Brevard County 3 |
BOTTOM OF THE 7TH |
Brevard County Manatees batting - Pitching for Richmond Flying Squirrels : RHP Sam Drews
|
Now at 1B: Pong-keun Koh
|
|
Batting: RHB Jose Cerritos
|
0-0: Ball 1-0: Ball 2-0: Called Strike 2-1: Ball 3-1: Base on Balls
|
Batting: LHB Jason Raker
|
0-0: Called Strike 0-1: Fly out, F5 (Popup, 56, EV 58.1 MPH)
|
Pinch Hitting: LHB Tyler Francis
|
0-0: Fielders Choice at 2nd, 6-4 (Groundball, 6, EV 91.2 MPH)
|
Batting: RHB Herb McIntyre
|
0-0: Fly out, F4 (Flyball, 4MD, EV 85.6 MPH)
|
Bottom of the 7th over - 0 runs, 0 hits, 0 errors, 1 left on base; Richmond 3 - Brevard County 3 |
TOP OF THE 8TH |
Richmond Flying Squirrels batting - Pitching for Brevard County Manatees : LHP Juan Gonzalez
|
Now in RF: Tyler Francis
|
|
Batting: RHB Jonathan Reece
|
0-0: Foul Ball, location: 2F 0-1: Foul Ball, location: 2F 0-2: Strikes out swinging
|
Batting: RHB Matt Shepard
|
0-0: Foul Ball, location: 2F 0-1: Ball 1-1: Ball 2-1: Foul Ball, location: 2F 2-2: Strikes out looking
|
Batting: RHB Ian Richardson
|
0-0: Called Strike 0-1: Ball 1-1: Swinging Strike 1-2: Foul Ball, location: 2F 1-2: Strikes out swinging
|
Top of the 8th over - 0 runs, 0 hits, 0 errors, 0 left on base; Richmond 3 - Brevard County 3 |
BOTTOM OF THE 8TH |
Brevard County Manatees batting - Pitching for Richmond Flying Squirrels : RHP Sam Drews
|
Batting: SHB Orlando Torres
|
0-0: DOUBLE (Flyball, 89XD, EV 103.1 MPH)
|
Pinch Hitting: SHB Sam Bingham
|
0-0: Intentional Walk
|
Batting: LHB Umar Matoub
|
0-0: Ball 1-0: Foul Ball, location: 2F 1-1: Foul Ball, location: 2F 1-2: Foul Ball, location: 2F 1-2: Foul Ball, location: 2F 1-2: Ball 2-2: Strikes out swinging
|
Batting: SHB Craig Wright
|
0-0: Called Strike 0-1: Ball 1-1: Bunted foul 1-2: Foul Ball, location: 2F 1-2: Foul Ball, location: 2F 1-2: Ball 2-2: Ball 3-2: DOUBLE (Line Drive, 3D, EV 104.4 MPH) Orlando Torres scores Sam Bingham to third
|
Batting: RHB Hector Silva
|
0-0: Ball 1-0: Called Strike 1-1: Fly out, F7 (Flyball, 7, EV 90.6 MPH)
|
Batting: RHB Jose Cerritos
|
0-0: Ball 1-0: Fly out, F8 (Flyball, 8LM, EV 90.0 MPH)
|
Bottom of the 8th over - 1 run, 2 hits, 0 errors, 2 left on base; Richmond 3 - Brevard County 4 |
TOP OF THE 9TH |
Richmond Flying Squirrels batting - Pitching for Brevard County Manatees : LHP Juan Gonzalez
|
Pitching: RHP Alejandro Souto
|
|
Now at C: Chris Fruit
|
|
Batting: LHB Pong-keun Koh
|
0-0: Called Strike 0-1: DOUBLE (Line Drive, 7LM, EV 106.9 MPH)
|
Batting: SHB David Barona
|
0-0: Called Strike 0-1: Ball 1-1: Ball 2-1: Ball 3-1: Foul Ball, location: 2F 3-2: Ground out 4-3 (Groundball, 34D, EV 86.2 MPH) Pong-keun Koh to third
|
Batting: LHB Gil Caraveo
|
0-0: Ball 1-0: Ball 2-0: Fly out, F9 (Line Drive, 9, EV 91.2 MPH) Runner from 3rd tags up, SCORES, throw by RF
|
Pinch Hitting: LHB John Whitman
|
0-0: Called Strike 0-1: Ball 1-1: Ball 2-1: Foul Ball, location: 2F 2-2: Strikes out swinging
|
Top of the 9th over - 1 run, 1 hit, 0 errors, 0 left on base; Richmond 4 - Brevard County 4 |
BOTTOM OF THE 9TH |
Brevard County Manatees batting - Pitching for Richmond Flying Squirrels : RHP Sam Drews
|
Pitching: RHP Damian Molina
|
|
Now at SS: Willie Sanchez
|
|
Batting: LHB Jason Raker
|
0-0: Swinging Strike 0-1: Ball 1-1: Ground out 4-3 (Groundball, 4S, EV 82.5 MPH)
|
Pitching: LHP Jimmy Heinecke
|
|
Batting: LHB Tyler Francis
|
0-0: Fly out, F8 (Flyball, 78D, EV 93.1 MPH)
|
Batting: RHB Herb McIntyre
|
0-0: Foul Ball, location: 2F 0-1: Fly out, F8 (Flyball, 78XD, EV 91.9 MPH)
|
Bottom of the 9th over - 0 runs, 0 hits, 0 errors, 0 left on base; Richmond 4 - Brevard County 4 |
TOP OF THE 10TH |
Richmond Flying Squirrels batting - Pitching for Brevard County Manatees : RHP Alejandro Souto
|
Batting: RHB Justin Baldwin
|
0-0: Foul Ball, location: 2F 0-1: Swinging Strike 0-2: Ground out 6-3 (Groundball, 6, EV 89.4 MPH)
|
Batting: LHB Nate Conley
|
0-0: Ball 1-0: Swinging Strike 1-1: Ball 2-1: Swinging Strike 2-2: Foul Ball, location: 2F 2-2: Strikes out looking
|
Pinch Hitting: LHB Gabe Velez
|
0-0: SINGLE (Line Drive, 8RS, EV 91.9 MPH)
|
Batting: RHB Matt Shepard
|
0-0: Ground out 2-3 (Groundball, 2L, EV 68.1 MPH)
|
Top of the 10th over - 0 runs, 1 hit, 0 errors, 1 left on base; Richmond 4 - Brevard County 4 |
BOTTOM OF THE 10TH |
Brevard County Manatees batting - Pitching for Richmond Flying Squirrels : LHP Jimmy Heinecke
|
Now in LF: Ian Richardson
|
|
Now in RF: Gabe Velez
|
|
Batting: SHB Orlando Torres
|
0-0: Foul Ball, location: 2F 0-1: Ball 1-1: Ball 2-1: Foul Ball, location: 2F 2-2: Foul Ball, location: 2F 2-2: Foul Ball, location: 2F 2-2: Ball 3-2: Foul Ball, location: 2F 3-2: Foul Ball, location: 2F 3-2: Strikes out looking
|
Batting: RHB Chris Fruit
|
0-0: Called Strike 0-1: Foul Ball, location: 2F 0-2: SOLO HOME RUN (Flyball, 7D, EV 102.5 MPH), Distance : 383 ft
|
Bottom of the 10th over - 1 run, 1 hit, 0 errors, 0 left on base; Richmond 4 - Brevard County 5 |
|